 Dungeon Crawl Stone Soup version 0.30.0 (webtiles) character file.

Game seed: 13812287132714705690

1262 avis the Cutter (level 8, -15/39 HPs)
             Began as a Vine Stalker Brigand on May 6, 2023.
             Was a Follower of Uskayaw.
             Demolished by a two-headed ogre
             ... wielding a +0 giant club
              (26 damage)
             ... on level 6 of the Dungeon.
             The game lasted 00:33:12 (4021 turns).

avis the Cutter (Vine Stalker Brigand)              Turns: 4021, Time: 00:33:12

Health: -15/39     AC:  3    Str: 20    XL:     8   Next: 52%
Magic:  0/12       EV: 12    Int: 11    God:    Uskayaw [*.....]
Gold:   246        SH:  0    Dex: 18    Spells: 8/11 levels left

rFire   . . .        a - +0 dagger (speed)
rCold   . . .        (no shield)
rNeg    . . .        t - +0 robe
rPois   .            (no helmet)
rElec   .            c - +0 cloak
rCorr   .            (no gloves)
SInv    .            (no boots)
Will    +....        (no amulet)
Stlth   +++          f - +6 ring of strength
HPRegen 1.06/turn    (no ring)
MPRegen 0.13/turn

%: guardian spirit
@: no status effects
A: fangs 3, regeneration 1, magic shield, antimagic bite, no potion heal 2
a: Renounce Religion, Stomp


You were on level 6 of the Dungeon.
You worshipped Uskayaw.
Uskayaw was noncommittal.
You visited 1 branch of the dungeon, and saw 6 of its levels.

You collected 246 gold pieces.

Inventory:

Hand Weapons
 a - a +0 dagger of speed (weapon)
 b - a +0 sling
 p - a +2 dagger
 w - a +0 antimagic flail
Missiles
 d - 7 poisoned darts (quivered)
 e - a curare-tipped dart
 v - 3 silver javelins
 y - 2 javelins
 z - 6 boomerangs
Armour
 c - a +0 cloak (worn)
 t - a +0 robe (worn)
Jewellery
 f - a +6 ring of strength (left hand)
Wands
 n - a wand of polymorph (7)
 B - a wand of charming (10)
Scrolls
 g - 5 scrolls of teleportation {unknown}
 m - 4 scrolls of poison {unknown}
 o - 5 scrolls of identify {unknown}
 q - 2 scrolls of enchant weapon {unknown}
 s - a scroll of immolation {unknown}
 A - a scroll of fog {unknown}
 C - a scroll of torment {unknown}
 D - a scroll of amnesia {unknown}
Potions
 h - 2 potions of lignification {unknown}
 i - 3 potions of curing {unknown}
 j - a potion of experience {unknown}
 k - a potion of might {unknown}
 l - 2 potions of heal wounds {unknown}
 r - 2 potions of flight {unknown}
 u - 3 potions of haste {unknown}
 x - a potion of brilliance {unknown}


   Skills:
 - Level 2.0 Fighting
 * Level 7.9 Short Blades
 - Level 1.7 Throwing
 - Level 1.0 Dodging
 - Level 5.0 Stealth
 - Level 2.0 Spellcasting
 + Level 1.2 Air Magic
 + Level 4.1 Invocations


You had 8 spell levels left.
You knew the following spells:

 Your Spells              Type           Power      Damage    Failure   Level
f - Swiftness             Air            3%         N/A       47%         3

Your spell library contained the following spells:

 Spells                   Type           Power      Damage    Failure   Level
 Beastly Appendage        Tmut           2%         N/A       28%         1
 Magic Dart               Conj           4%         1d3       28%         1
 Call Imp                 Summ           2%         N/A       41%         2
 Ensorcelled Hibernation  Hex/Ice        2%         N/A       41%         2
 Passwall                 Tmut/Erth      0%         N/A       41%         2
 Wereblood                Tmut           1%         N/A       41%         2
 Mephitic Cloud           Conj/Pois/Air  2%         N/A       58%         3
 Spider Form              Tmut/Pois      1%         N/A       65%         3
 Fireball                 Conj/Fire      0%         3d3       100%        5
 Iskenderun's Battlesphe  Conj           1%         2d6       100%        5
 Conjure Ball Lightning   Conj/Air       1%         3x3d6     100%        6
 Orb of Destruction       Conj           0%         9d5       100%        7


Dungeon Overview and Level Annotations

Branches:
Dungeon (6/15)
 Temple: D:4-7

Altars:
Cheibriados
Gozag
Makhleb
Ru
Trog
Uskayaw
Wu Jian
The Shining One

Annotations:
D:2 glass case
D:3 1 runed translucent door, exclusion: door, Crazy Yiuf


Innate Abilities, Weirdness & Mutations

You have razor-sharp teeth.
Your natural rate of healing is unusually fast.
When hurt, damage is shared between your health and your magic reserves.
Your bite disrupts and absorbs the magic of your enemies.
Potions cannot restore your health.


Message History

The helpless adder fails to defend itself.
You skewer the adder like a kebab!!!
You kill the adder!
Found 5 stones.
q - 2 scrolls labelled SEPUDU WALYNU (gained 1)
A two-headed ogre comes into view.
It is wielding a +0 giant club and a +0 giant spiked club.
The two-headed ogre shouts in stereo!
You closely miss the two-headed ogre. You bite the two-headed ogre.
You drain its power.
The two-headed ogre is lightly wounded.
You hit the two-headed ogre. You bite the two-headed ogre. You drain its power.
The two-headed ogre is moderately wounded.
The two-headed ogre hits you with a +0 giant club!!
Ouch! That really hurt!
The two-headed ogre closely misses you.
Throw: 2 darts (curare)
Press: ? - help, Q - select action, (/) - cycle Shift-Dir - straight line, f - two-headed ogre
Aim: a two-headed ogre, wielding a +0 giant club and a +0 giant spiked club (moderately wounded, 76% to hit)
You throw a curare-tipped dart.
The curare-tipped dart hits the two-headed ogre.
The two-headed ogre is poisoned.
The two-headed ogre convulses.
The two-headed ogre seems to slow down.
The two-headed ogre is moderately wounded.
You can now pass through a line of other dancers.
Throw: 8 darts (poison)
Press: ? - help, Q - select action, (/) - cycle Shift-Dir - straight line, f/p - two-headed ogre
Aim: a two-headed ogre, wielding a +0 giant club and a +0 giant spiked club (heavily wounded, very poisoned, slow, 76% to hit)
You throw a poisoned dart.
The poisoned dart hits the two-headed ogre.
The two-headed ogre looks even sicker.
The two-headed ogre is heavily wounded.
Aiming: Line Pass
Press: ? - help, Dir - move target, p - two-headed ogre The two-headed ogre appears confused.
You can no longer pass through a line of other dancers.
The two-headed ogre hits you with a +0 giant club!
* * * LOW HITPOINT WARNING * * *
The two-headed ogre hits you with a +0 giant spiked club!!
Ouch! That really hurt!
You die...

#.... ##########.. #....
..........#
#....##########.......##
##..................#..#
..(..........####...#.##
...............##.....#
#..........##......###
#######O########...# #@#
#...# #..# #...# ##..#
#...# #... ##### ###. ..
#


You could see a two-headed ogre (confused, very poisoned, slow).

Vanquished Creatures
  Edmund (D:4)
  2 black bears (D:5)
  An ice beast (D:5)
  An ogre (D:4)
  2 scorpions
  A wight (D:5)
  2 howler monkeys (D:4)
  2 hounds (D:5)
  A jelly (D:5)
  An orc priest (D:5)
  Ijyb (D:3)
  3 orc wizards
  A sleepcap (D:4)
  4 iguanas
  4 gnolls (D:2)
  5 adders
  2 ufetubi
  2 worms
  5 dart slugs
  9 orcs
  11 ball pythons
  5 endoplasms
  4 giant cockroaches
  10 goblins
  3 hobgoblins
  8 jackals
  3 quokkas
  8 bats
  A frilled lizard (D:1)
  3 kobolds
  9 rats
115 creatures vanquished.

Vanquished Creatures (others)
  A fungus (D:3)
1 creature vanquished.

Grand Total: 116 creatures vanquished

Notes
Turn   | Place    | Note
-------+----------+-------------------------------------------
     0 | D:1      | avis the Vine Stalker Brigand began the quest for the Orb.
     0 | D:1      | Reached XP level 1. HP: 11/11 MP: 2/2
   114 | D:1      | Reached skill level 2 in Short Blades
   153 | D:1      | Reached XP level 2. HP: 13/15 MP: 1/3
   480 | D:1      | Reached skill level 3 in Short Blades
   480 | D:1      | Reached XP level 3. HP: 16/18 MP: 4/4
   980 | D:2      | Reached skill level 1 in Spellcasting
  1165 | D:2      | Learned a level 3 spell: Swiftness
  1170 | D:2      | Gained mutation: Your natural rate of healing is unusually
                  | fast. [Vine Stalker growth]
  1170 | D:2      | Reached XP level 4. HP: 17/23 MP: 4/6
  1371 | D:2      | Reached skill level 5 in Stealth
  1649 | D:3      | Reached skill level 4 in Short Blades
  1669 | D:3      | Noticed Ijyb
  1700 | D:3      | Killed Ijyb
  1701 | D:3      | Reached XP level 5. HP: 21/26 MP: 2/8
  1832 | D:3      | Found a runed translucent door.
  1833 | D:3      | Noticed Crazy Yiuf
  1892 | D:3      | Found a sacrificial altar of Ru.
  2322 | D:3      | Reached XP level 6. HP: 30/30 MP: 10/10
  2539 | D:4      | Reached skill level 5 in Short Blades
  2539 | D:4      | Reached skill level 1 in Dodging
  2653 | D:4      | Found a hide-covered altar of Uskayaw.
  2655 | D:4      | Found a burning altar of Makhleb.
  2656 | D:4      | Found a snail-covered altar of Cheibriados.
  2656 | D:4      | Found an opulent altar of Gozag.
  2658 | D:4      | Found a bloodstained altar of Trog.
  2658 | D:4      | Found an ornate altar of the Wu Jian Council.
  2659 | D:4      | Found a glowing golden altar of the Shining One.
  2661 | D:4      | Became a worshipper of Uskayaw the Reveller
  2678 | D:4      | Reached * piety under Uskayaw
  2681 | D:4      | Reached ** piety under Uskayaw
  2691 | D:4      | Reached skill level 1 in Invocations
  2704 | D:4      | Noticed Edmund
  2750 | D:4      | Reached *** piety under Uskayaw
  2751 | D:4      | Killed Edmund
  2752 | D:4      | Reached skill level 6 in Short Blades
  2752 | D:4      | Reached XP level 7. HP: 29/35 MP: 11/11
  3364 | D:5      | Entered Level 5 of the Dungeon
  3462 | D:5      | Reached **** piety under Uskayaw
  3469 | D:5      | Reached skill level 7 in Short Blades
  3469 | D:5      | Reached ***** piety under Uskayaw
  3471 | D:5      | Gained mutation: You have razor-sharp teeth. [Vine Stalker
                  | growth]
  3471 | D:5      | Reached XP level 8. HP: 19/39 MP: 10/12
  3783 | D:5      | Reached skill level 1 in Air Magic
  4013 | D:6      | Noticed a two-headed ogre
  4021 | D:6      | Demolished by a two-headed ogre

Illustrated notes

Levels and vault maps discovered:
D:1:      lemuel_arrival_rhombus, layout_basic
D:2:      layout_loops_cross, due_unseen_surprise
D:3:      layout_loops_ring, nicolae_ru_great_annihilating_truth, st_stairs_1,
          kennysheep_potato, uniq_crazy_yiuf_cottage, uniq_ijyb
D:4:      layout_cave_pools, grunt_temple_overflow_open, minivault_4,
          kennysheep_path_1, hangedman_abyss_or_decor_jellyfish_corner,
          uniq_edmund
D:5:      layout_rooms
D:6:      layout_rooms, ebering_ghost_rock_garden, serial_shops, shop

Skill      XL: |  1  2  3  4  5  6  7  8 |
---------------+-------------------------+-----
Short Blades   | 2 3 4 6 7 |  7.9
Fighting       | 2 |  2.0
Spellcasting   | 1 2 |  2.0
Stealth        | 5 |  5.0
Dodging        | 1 |  1.0
Invocations    | 2 3 4 |  4.1
Air Magic      | 1 |  1.2
Throwing       | |  1.7

Action                     |  1- 3 |  4- 6 |  7- 9 || total
---------------------------+-------+-------+-------++-------
  Melee: Dagger            |   118 |   219 |   130 ||   467
         Bite              |    34 |    64 |    39 ||   137
         Punch             |       |     5 |     2 ||     7
  Throw: Dart              |       |     6 |     2 ||     8
 Invoke: Line Pass         |       |     1 |     4 ||     5
  Evoke: Wand              |       |       |     1 ||     1
   Stab: Sleeping          |     4 |    10 |     5 ||    19
         Distracted        |       |     3 |       ||     3
         Paralysed         |       |     1 |     3 ||     4
         Confused          |       |       |     2 ||     2
 Armour: Robe              |    28 |    18 |    16 ||    62
  Dodge: Dodged            |    61 |    55 |    37 ||   153
